 Dungeon Crawl Stone Soup version 0.30-a0-643-g638baaf3f0 (webtiles) character file.

Game seed: 15109066845263705351

5422 Fenrisus the Summoner (level 10, 40/40 HPs)
             Began as a Felid Summoner on Jan 16, 2023.
             Quit the game on level 8 of the Dungeon.
             The game lasted 02:39:19 (16644 turns).

Fenrisus the Summoner (Felid Summoner)             Turns: 16644, Time: 02:39:20

Health: 40/40      AC:  6    Str: 10    XL:     10   Next: 40%
Magic:  23/23      EV: 17    Int: 19    God:
Gold:   184        SH:  5    Dex: 17    Spells: 9/31 levels left
                                        Lives:  1   Deaths: 2

rFire   . . .      SeeInvis +    (weapon unavailable)
rCold   + . .      Faith    .    (shield unavailable)
rNeg    + . .      Spirit   .    (body armour unavailable)
rPois   +          Reflect  +    (helmet unavailable)
rElec   .          Harm     .    (cloak unavailable)
rCorr   .          Rampage  .    (gloves unavailable)
Will    ++...                    (boots unavailable)
Stlth   ++                       i - amulet "Intied" {Reflect rPois rC+ Will+ Int+2 SH+5}
HPRegen 0.26/turn                e - ring of positive energy
MPRegen 0.18/turn                v - +4 ring of protection

@: quick
A: very small, claws 1, fangs 3, see invisible, speed 1, shaggy fur 2, stealthy
paws, no weapons or thrown items, no armour, multi-lived, antennae 1, low MP 1,
robust 1, strong 1
a: no special abilities


You were on level 8 of the Dungeon.
You visited 2 branches of the dungeon, and saw 11 of its levels.

You collected 640 gold pieces.
You spent 456 gold pieces at shops.

Inventory:

Jewellery
 d - the amulet of Jomuy {Regen+ Int+2}
   (You acquired it on level 1 of the Dungeon)

   [amulet of regeneration]

   Int:       It affects your intelligence (+2).
   Regen:     It increases your rate of health regeneration.
 e - a ring of positive energy (left paw)
 h - an amulet of regeneration
 i - the amulet "Intied" (around neck) {Reflect rPois rC+ Will+ Int+2 SH+5}
   (You found it on level 7 of the Dungeon)

   [amulet of reflection]

   It reflects blocked missile attacks.
   Int:       It affects your intelligence (+2).
   rC:        It protects you from cold.
   rPois:     It protects you from poison.
   SH:        It affects your SH (+5).
   Will:      It increases your willpower.
 v - a +4 ring of protection (right paw)
 y - a +5 ring of evasion
Wands
 q - a wand of mindburst (12)
 u - a wand of charming (2)
 w - a wand of flame (5)
Scrolls
 a - a scroll of fear
 f - 2 scrolls of silence
 j - 2 scrolls of amnesia
 m - 2 scrolls of enchant armour
Potions
 b - 2 potions of ambrosia
 c - 4 potions of might
 g - a potion of curing {unknown}
 k - 2 potions of flight
 l - 2 potions of berserk rage
 n - 2 potions of haste
 o - a potion of brilliance {unknown}
 p - a potion of lignification {unknown}
 r - a potion of cancellation {unknown}
 s - 3 potions of attraction
 z - a potion of heal wounds


   Skills:
 - Level 2.6 Dodging
 - Level 2.6 Stealth
 + Level 11.2 Spellcasting
 + Level 12.6 Summonings


You had 9 spell levels left.
You knew the following spells:

 Your Spells              Type           Power      Damage    Failure   Level
a - Summon Small Mammal   Summ           100%       N/A       1%          1
b - Call Imp              Summ           55%        N/A       1%          2
c - Call Canine Familiar  Summ           55%        N/A       1%          3
d - Summon Guardian Gole  Hex/Summ       34%        N/A       1%          3
e - Summon Lightning Spi  Summ/Air       34%        N/A       4%          4
f - Summon Ice Beast      Ice/Summ       34%        N/A       4%          4
g - Summon Mana Viper     Hex/Summ       34%        N/A       14%         5

Your spell library contained the following spells:

 Spells                   Type           Power      Damage    Failure   Level
 Kiss of Death            Conj/Necr      40%        2d8       7%          1
 Slow                     Hex            40%        N/A       7%          1
 Cigotuvi's Dreadful Rot  Necr/Pois/Air  20%        N/A       10%         2
 Poisonous Vapours        Pois/Air       20%        N/A       10%         2
 Confusing Touch          Hex            10%        N/A       21%         3
 Inner Flame              Hex/Fire       10%        N/A       21%         3
 Kindle Blastsparks       Fire/Tloc/Air  20%        2d11      21%         3
 Mephitic Cloud           Conj/Pois/Air  10%        N/A       21%         3
 Ozocubu's Armour         Ice            10%        N/A       21%         3
 Vampiric Draining        Necr           10%        2d6       21%         3
 Monstrous Menagerie      Summ           27%        N/A       30%         7
 Cause Fear               Hex            5%         N/A       54%         4
 Dispel Undead            Necr           10%        3d9       54%         4
 Flame Wave               Conj/Fire      10%        2d6       54%         4
 Fulminant Prism          Conj/Hex       5%         3d6       54%         4
 Iskenderun's Mystic Bla  Conj/Tloc      10%        2d4       54%         4
 Sticky Flame             Conj/Fire      10%        2d3       54%         4
 Lee's Rapid Deconstruct  Erth           5%         3d6*      88%         5
 Metabolic Englaciation   Hex/Ice        5%         N/A       88%         5
 Simulacrum               Ice/Necr       5%         N/A       100%        6
 Dragon Form              Tmut           5%         N/A       100%        7
 Ignition                 Fire           5%         3d4       100%        8
 Dragon's Call            Summ           27%        N/A       100%        9


Dungeon Overview and Level Annotations

Branches:
Dungeon (10/15)            Temple (1/1) D:5
   Lair: D:8-11         Orc: D:9-12

Altars:
Ashenzari
Dithmenos
Elyvilon
Fedhas
Gozag
Hepliaklqana
Kikubaaqudgha
Makhleb
Nemelex Xobeh
Okawaru
Qazlal
Ru
Sif Muna
Trog
Uskayaw
Vehumet
Wu Jian
Xom
Yredelemnul
Zin
The Shining One

Shops:
D:5 (   D:6 (:[(

Annotations:
D:5 2 runed translucent doors, CrazyBamboolord's ghost, novice TeAE
D:6 Crazy Yiuf
D:7 Dowan; Duvessa
D:8 Erica
D:10 Fannar; Psyche


Innate Abilities, Weirdness & Mutations

You have sharp claws.
You have razor-sharp teeth.
You have supernaturally acute eyesight. (SInv)
You cover ground quickly. (Speed+)
You are covered in thick fur. (AC +2)
Your paws help you pounce on unaware monsters.
You are incapable of wielding weapons or throwing items.
You cannot wear armour.
You gain extra lives every three experience levels.
You have a pair of small antennae on your head.
Your magical capacity is low. (-10% MP)
You are robust. (+10% HP)
Your muscles are strong. (Str +4, Int/Dex -1)


Message History

Your crimson imp misses the crimson imp.
The crimson imp barely misses your crimson imp.
Your crimson imp barely misses the crimson imp.
The crimson imp closely misses your crimson imp.
Your crimson imp blinks!
Your warg bites the crimson imp!
Your ice beast completely misses the crimson imp.
Found a gold piece.
Your warg bites the crimson imp!
The crimson imp dies!
Your crimson imp blinks!
No target in view!
No target in view!
No target in view!
No target in view!
No target in view!
You swap places.
You now have 178 gold pieces (gained 1).
Found a gold piece.
Found 2 gold pieces.
You now have 179 gold pieces (gained 1).
Found an opulent altar of Gozag.
You now have 180 gold pieces (gained 1).
You now have 181 gold pieces (gained 1).
You now have 182 gold pieces (gained 1).
You now have 183 gold pieces (gained 1).
You swap places.
You now have 184 gold pieces (gained 1).
Your crimson imp disappears in a puff of smoke!
There is an opulent altar of Gozag here.
You sit before the altar of Gozag.
Gozag does not accept service from beggars like you!
The service fee for joining is currently 240 gold; you only have 184.
You swap places.
Your ice beast disappears in a puff of smoke!
Your warg disappears in a puff of smoke!
An ice beast comes into view.
Unknown command.
Unknown command.
Unknown command.
Are you sure you want to abandon this character and quit the game? (Confirm with "yes".)

###########...####.........#.##..
# ##.## ##.......##.#### #.#
##.....###.. . ####.#### ##...##
#.##.. #.......# ##+## #..+..
#.##.##.# ####.. # #.##.# . #..
#.##.####.... ### #....@.......
####.###.F... #.# ..Y #.#####.# #
#.......# #########


You could see an ice beast (asleep) and a bullfrog (wandering).

Vanquished Creatures
  A wight (D:8)
  2 adders
  An orc (D:9)
  A hobgoblin (D:1)
  A ball python (D:4)
  A kobold (D:6)
7 creatures vanquished.

Vanquished Creatures (collateral kills)
  Erolcha (D:9)
  A two-headed ogre (D:10)
  A troll (D:9)
  A vampire (D:10)
  A wraith (D:7)
  3 yaks (D:10)
  2 acid dragons
  A water moccasin (D:8)
  The ghost of Sapher the Changer, an amateur SpTm (D:6)
  2 black bears
  2 orc warriors
  A sky beast (D:8)
  An ice beast (D:6)
  A phantom (D:4)
  A centaur (D:8)
  2 kobold brigands
  A nameless horror (D:6)
  4 bullfrogs
  3 scorpions
  12 wights
  2 killer bees (D:8)
  An electric eel (D:6)
  6 howler monkeys
  4 crimson imps (D:8)
  2 orc priests
  A gnoll bouda (D:6)
  2 hounds (D:5)
  An iguana (D:6)
  4 orc wizards
  Ijyb (D:3)
  Terence (D:2)
  Natasha (thrice) (D:2)
  Robin (D:2)
  8 adders
  21 gnolls
  2 white imps (D:6)
  4 ufetubi (D:5)
  A worm (D:2)
  A dart slug (D:2)
  26 orcs
  3 ball pythons
  6 endoplasms
  A giant cockroach (D:1)
  14 goblins
  13 hobgoblins
  8 kobolds
  2 quokkas (D:1)
  6 bats
  A frilled lizard (D:2)
  3 rats (D:1)
191 creatures vanquished.

Vanquished Creatures (others)
  Joseph (D:7)
  Maggie (D:7)
  A shadow (D:9)
  A wyvern (D:8)
  A wraith (D:9)
  A yak (D:10)
  An orc warrior (D:9)
  A centaur (D:8)
  A bullfrog (D:7)
  A scorpion (D:7)
  2 hounds (D:5)
  3 iguanas (D:5)
  3 gnolls
  An orc (D:9)
  2 plants (D:5)
21 creatures vanquished.

Grand Total: 219 creatures vanquished

Notes
Turn   | Place    | Note
-------+----------+-------------------------------------------
     0 | D:1      | Fenrisus the Felid Summoner began the quest for the Orb.
     0 | D:1      | Reached XP level 1. HP: 7/7 MP: 4/4
   267 | D:1      | Reached XP level 2. HP: 11/11 MP: 3/6
   448 | D:1      | Learned a level 2 spell: Call Imp
   798 | D:1      | Reached XP level 3. HP: 14/14 MP: 2/8
   979 | D:1      | Identified a scroll of acquirement
   979 | D:1      | Acquired the amulet of Jomuy {Regen+ Int+2}
  1274 | D:2      | Noticed Robin
  1510 | D:2      | Noticed Natasha
  1529 | D:2      | Killed Natasha
  1530 | D:2      | Reached XP level 4. HP: 18/18 MP: 3/9
  1629 | D:2      | Reached skill level 5 in Summonings
  1842 | D:3      | Noticed Ijyb
  1866 | D:3      | Killed Ijyb
  1927 | D:3      | Learned a level 3 spell: Call Canine Familiar
  1975 | D:3      | Found a sparkling altar of Nemelex Xobeh.
  2040 | D:3      | Found a faded altar of an unknown god.
  2214 | D:3      | Found a glowing silver altar of Zin.
  2215 | D:3      | Noticed an angel
  2328 | D:3      | Reached XP level 5. HP: 21/21 MP: 2/11
  3326 | D:3      | Gained mutation: You are robust. (+10% HP) [potion of
                  | mutation]
  3326 | D:3      | Gained mutation: Your mind is acute. (Int +4, Str/Dex -1)
                  | [potion of mutation]
  3326 | D:3      | Gained mutation: Potions are less effective at restoring
                  | your health. [potion of mutation]
  3327 | D:3      | Lost mutation: Your mind is acute. (Int +4, Str/Dex -1)
                  | [potion of mutation]
  3327 | D:3      | Lost mutation: Potions are less effective at restoring your
                  | health. [potion of mutation]
  3327 | D:3      | Gained mutation: Your magical capacity is low. (-10% MP)
                  | [potion of mutation]
  3327 | D:3      | Gained mutation: You have a pair of small antennae on your
                  | head. [potion of mutation]
  3327 | D:3      | Gained mutation: Your muscles are strong. (Str +4, Int/Dex
                  | -1) [potion of mutation]
  3469 | D:4      | Noticed a black bear
  3483 | D:4      | Noticed a phantom
  3561 | D:2      | Noticed Natasha
  3569 | D:2      | Killed Natasha
  3796 | D:2      | Killed Robin
  4049 | D:2      | Noticed Natasha
  4058 | D:2      | Killed Natasha
  4059 | D:2      | Gained mutation: You are covered in thick fur. (AC +2)
                  | [Felid growth]
  4059 | D:2      | Reached XP level 6. HP: 26/26 MP: 4/12
  4110 | D:2      | Noticed Terence
  4287 | D:2      | Killed Terence
  4752 | D:4      | Reached skill level 6 in Summonings
  5272 | D:4      | Reached skill level 5 in Spellcasting
  5411 | D:4      | Found an iron altar of Okawaru.
  5433 | D:4      | Found a bloodstained altar of Trog.
  5561 | D:4      | Reached XP level 7. HP: 29/29 MP: 12/14
  5637 | D:5      | Entered Level 5 of the Dungeon
  5683 | D:5      | Learned a level 3 spell: Summon Guardian Golem
  5811 | D:5      | Found a staircase to the Ecumenical Temple.
  6019 | D:5      | Found Iniujaeg's Antique Weapon Emporium.
  6328 | Temple   | Entered the Ecumenical Temple
  6613 | D:5      | Reached skill level 7 in Summonings
  6825 | D:6      | Reached XP level 8. HP: 34/34 MP: 6/16
  7878 | D:5      | Reached skill level 8 in Summonings
  8129 | D:5      | Found a runed translucent door.
  8131 | D:5      | Noticed CrazyBamboolord's ghost (novice TeAE)
  8211 | D:5      | Found a runed translucent door.
  8235 | D:5      | Got the Excursus on the Tropics and Iniquitous Mysteries
  8236 | D:5      | Found a hazy altar of Hepliaklqana.
  8801 | D:6      | Found a runed translucent door.
  8802 | D:6      | Noticed Crazy Yiuf
  9336 | D:6      | Found a runed translucent door.
  9336 | D:6      | Noticed Sapher's ghost (amateur SpTm)
  9539 | D:6      | Found Ereewk's Antique Armour Emporium.
  9540 | D:6      | Found Doworas's Antique Weapon Boutique.
  9543 | D:6      | Found Wiuluzax's Book Boutique.
  9543 | D:6      | Found Plog's Antique Weapon Emporium.
  9663 | D:6      | Reached skill level 9 in Summonings
 10147 | D:7      | Identified the amulet "Intied" {Reflect rPois rC+ Will+
                  | Int+2 SH+5}
 10455 | D:7      | Learned a level 4 spell: Summon Lightning Spire
 10458 | D:7      | Noticed Dowan
 10590 | D:7      | Found a blossoming altar of Fedhas.
 10837 | D:8      | Reached XP level 9. HP: 37/37 MP: 4/19
 10987 | D:8      | Found a shadowy altar of Dithmenos.
 11147 | D:6      | Bought a book of Beasts for 456 gold pieces
 11509 | D:6      | Killed Sapher's ghost
 12377 | D:7      | Noticed Joseph
 12562 | D:7      | Noticed Maggie
 12566 | D:7      | Killed from afar by Maggie
 12567 | D:7      | Reached XP level 8. HP: -1/34 MP: 6/19
 12599 | D:7      | Killed Maggie
 12600 | D:7      | Reached skill level 10 in Summonings
 12602 | D:7      | Killed Joseph
 12723 | D:7      | Noticed Duvessa
 12867 | D:8      | Noticed Erica
 12912 | D:8      | Found a basalt altar of Yredelemnul.
 12993 | D:8      | Slain by a killer bee
 12994 | D:8      | Reached XP level 7. HP: -3/29 MP: 7/18
 13025 | D:8      | Reached XP level 8. HP: 34/34 MP: 4/20
 13423 | D:9      | Noticed Erolcha
 13773 | D:9      | Reached skill level 11 in Summonings
 13773 | D:9      | Reached XP level 9. HP: 37/37 MP: 11/21
 14023 | D:9      | Noticed a troll
 14024 | D:9      | Killed Erolcha
 14025 | D:9      | Reached skill level 10 in Spellcasting
 14035 | D:9      | Killed a troll
 14269 | D:9      | Learned a level 4 spell: Summon Ice Beast
 14789 | D:10     | Entered Level 10 of the Dungeon
 15440 | D:10     | Reached skill level 12 in Summonings
 15441 | D:10     | Reached XP level 10. HP: 40/40 MP: 4/23
 15628 | D:10     | Noticed a two-headed ogre
 15656 | D:10     | Killed a two-headed ogre
 15798 | D:10     | Learned a level 5 spell: Summon Mana Viper
 15870 | D:10     | Noticed a gargoyle
 15877 | D:10     | Noticed Psyche
 15927 | D:10     | Noticed Fannar
 16454 | D:8      | Found a shimmering altar of Xom.
 16580 | D:8      | Found an opulent altar of Gozag.
 16644 | D:8      | Quit the game

Illustrated notes

Levels and vault maps discovered:
D:1:      minmay_arrival_five_plusses, layout_rooms, grunt_decor_fettered
D:2:      layout_rooms, minmay_tiny_reverse_x, uniq_robin, uniq_terence,
          uniq_natasha
D:3:      layout_loops_ring, zin_angel, general_overflow_altar,
          shapermc_ecumenical_altar_gd, reono_crystal_passage, uniq_ijyb
D:4:      layout_basic, grunt_temple_overflow_bloody_war
D:5:      wad_crossroads, layout_basic, nicolae_hepliaklqana_hazy_memory,
          minmay_temple_entry_arrows, serial_shops, shop_coins,
          ebering_ghost_sewer_f, amcnicky_mini_pool_small, kennysheep_dice
D:6:      layout_cave_pools, hellmonk_ghost_happy_afterlife, dk_vineyard_2,
          nicolae_wooded_promenade, uniq_crazy_yiuf_cottage
D:7:      layout_loops_ring, fedhas_ov_isle_minmay, uniq_maggie, uniq_duvessa,
          uniq_joseph
D:8:      layout_loops_corners, grunt_gozag_breadcrumbs, kennysheep_little_box,
          kennysheep_mini_moat, led_xom_imps, minmay_crystal_water,
          minmay_circle_x, uniq_erica
D:9:      layout_small_grid, uniq_erolcha
D:10:     layout_grid_maze, marbit_many_paths, palyth_stone_intersect,
          minmay_splitting_lines, uniq_fannar, uniq_psyche
Temple:   nicolae_temple_bog_church

Skill      XL: |  1  2  3  4  5  6  7  8  9 10 |
---------------+-------------------------------+-----
Spellcasting   | 3 4 5 6 9 10 11 | 11.2
Summonings     | 5 6 7 11 12 | 12.6
Dodging        | |  2.6
Stealth        | |  2.6

Action                   |  1- 3 |  4- 6 |  7- 9 | 10-12 || total
-------------------------+-------+-------+-------+-------++-------
Melee: Unarmed           |     5 |     4 |    18 |     1 ||    28
       Bite              |       |       |     2 |       ||     2
 Cast: Summon Small Mamm |    43 |    44 |    76 |     8 ||   171
       Call Imp          |    14 |    30 |    60 |     7 ||   111
       Call Canine Famil |       |    34 |    74 |     9 ||   117
       Summon Guardian G |       |       |    53 |     1 ||    54
       Summon Lightning  |       |       |    31 |     4 ||    35
       Summon Ice Beast  |       |       |     6 |    10 ||    16
       Summon Mana Viper |       |       |       |     4 ||     4
Evoke: Wand              |       |       |     4 |       ||     4
  Use: Potion            |     1 |     2 |    13 |       ||    16
       Scroll            |     6 |     4 |    13 |     3 ||    26
 Stab: Distracted        |       |       |     1 |       ||     1
Armor: Skin              |     8 |     1 |     6 |       ||    15
Dodge: Dodged            |    34 |    22 |    67 |     3 ||   126
Block: Other             |       |       |     9 |     3 ||    12
       Reflection        |       |       |     5 |       ||     5

Table legend: (Time is in decaauts)
 A = Elapsed time spent in this place.
 B = Non-inter-level travel time spent in this place.
 C = Inter-level travel time spent in this place.
 D = Time resting spent in this place.
 E = Time spent auto-exploring this place.
 F = Levels seen in this place.
 G = Mean time per level.
                   A        B        C        D        E       F      G
               +--------+--------+--------+--------+--------+-----+--------+
         Total |  14850 |   8504 |   6346 |   5379 |      0 |  11 | 1350.0 |
       Dungeon |  14722 |   8502 |   6220 |   5379 |      0 |  10 | 1472.2 |
        Temple |    127 |      2 |    125 |      0 |      0 |   1 |  127.0 |
               +--------+--------+--------+--------+--------+-----+--------+

Top non-repeatable levels by time:
     D:6: 2282 daAuts
     D:5: 2168 daAuts
     D:2: 1578 daAuts
     D:9: 1499 daAuts
     D:3: 1449 daAuts
     D:7: 1306 daAuts
     D:8: 1251 daAuts
     D:4: 1177 daAuts
     D:1: 1089 daAuts
    D:10: 919 daAuts
  Temple: 127 daAuts
